 Dungeon Crawl Stone Soup version 0.30.1-3-gfc49f6343a (webtiles) character file.

Game seed: 10344310075591091142

20235 Creatimnix the Cleaver (level 12, -5/97 HPs)
             Began as a Hill Orc Fighter on July 27, 2023.
             Was a Priest of Beogh (penitent).
             Slain by Koronagh the orc warlord
             ... wielding a +1 antimagic war axe
             ... created by the wrath of Beogh
              (18 damage)
             ... on level 1 of the Orcish Mines on July 28, 2023.
             The game lasted 00:36:34 (17075 turns).

Creatimnix the Cleaver (Hill Orc Fighter)          Turns: 17075, Time: 00:36:36

Health: -5/97      AC: 20    Str: 24    XL:     12   Next: 77%
Magic:  4/13       EV:  9    Int:  8    God:    Beogh [***...]
Gold:   1672       SH: 18    Dex: 22    Spells: 11/11 levels left

rFire   . . .        q - +0 demon whip (venom)
rCold   . . .        u - +0 tower shield
rNeg    . . .        f - +4 chain mail {rPois}
rPois   +            (no helmet)
rElec   .            p - +0 cloak
rCorr   .            h - +2 pair of gloves
SInv    .            (no boots)
Will    .....        (no amulet) Stlth
                     b - +6 ring of dexterity
HPRegen 0.36/turn    s - +6 ring of dexterity
MPRegen 0.13/turn

%: no passive effects
@: no status effects
A: frail 1
a: Renounce Religion


You were on level 1 of the Orcish Mines.
You worshipped Beogh.
Beogh was demanding penance.
You visited 2 branches of the dungeon, and saw 14 of its levels.

You collected 1672 gold pieces.

Inventory:

Hand Weapons
 q - a +0 demon whip of venom (weapon)
Missiles
 e - 7 poisoned darts (quivered)
 k - 4 javelins
 n - 2 throwing nets
Armour
 f - a +4 chain mail of poison resistance (worn)
 h - a +2 pair of gloves (worn)
 p - a +0 cloak (worn)
 u - a +0 tower shield (worn)
Jewellery
 a - a ring of willpower
 b - a +6 ring of dexterity (left hand)
 s - a +6 ring of dexterity (right hand)
Wands
 d - a wand of mindburst (8)
 g - a wand of quicksilver (4)
 j - a wand of flame (25)
Scrolls
 c - a scroll of brand weapon
 l - a scroll of amnesia
 o - 3 scrolls of magic mapping
Potions
 i - 4 potions of brilliance
 A - a potion of flight


   Skills:
 + Level 10.8 Fighting
 + Level 14.2(15.2) Axes
 + Level 7.9(11.0) Maces & Flails
 + Level 2.2 Throwing
 + Level 10.9 Armour
 + Level 4.0 Dodging
 + Level 1.8 Stealth
 + Level 9.7 Shields
 + Level 1.4 Invocations


You had 11 spell levels left.
You didn't know any spells.
Your spell library contained the following spells:

 Spells                   Type           Power      Damage    Failure   Level
 Slow                     Hex            0%         N/A       100%        1
 Sting                    Tmut/Pois      0%         1d3       100%        1
 Lesser Beckoning         Tloc           0%         N/A       100%        2
 Poisonous Vapours        Pois/Air       0%         N/A       100%        2
 Static Discharge         Conj/Air       0%         2-2/arc   100%        2
 Sublimation of Blood     Necr           0%         N/A       100%        2
 Wereblood                Tmut           0%         N/A       100%        2
 Confusing Touch          Hex            0%         N/A       100%        3
 Gell's Gravitas          Tloc           0%         N/A       100%        3
 Hailstorm                Conj/Ice       0%         3d3       100%        3
 Mephitic Cloud           Conj/Pois/Air  0%         N/A       100%        3
 Stone Arrow              Conj/Erth      0%         3d7       100%        3
 Teleport Other           Tloc           0%         N/A       100%        3
 Vampiric Draining        Necr           0%         2d6       100%        3
 Airstrike                Air            0%         2d(0-16)  100%        4
 Animate Armour           Summ/Erth      0%         N/A       100%        4
 Ice Form                 Ice/Tmut       0%         N/A       100%        4
 Olgreb's Toxic Radiance  Pois           0%         N/A       100%        4
 Summon Lightning Spire   Summ/Air       0%         N/A       100%        4
 Freezing Cloud           Conj/Ice/Air   0%         6-21      100%        5
 Simulacrum               Ice/Necr       0%         N/A       100%        6
 Summon Hydra             Summ           0%         N/A       100%        7
 Lehudib's Crystal Spear  Conj/Erth      0%         10d2      100%        8


Dungeon Overview and Level Annotations

Branches:
Dungeon (12/15)            Temple (0/1) D:5            Lair (0/5) D:9
    Orc (2/2) D:12            Elf (0/3) Orc:2

Altars:
Gozag
Makhleb
Okawaru
Ru
Trog
Vehumet
Wu Jian

Shops:
D:1 [[   D:4 =   D:6 :   D:12 :   Orc:2 *:

Annotations:
D:11 2 transporters, 3 runed translucent doors


Innate Abilities, Weirdness & Mutations

You are frail. (-10% HP)


Message History

Koronagh is moderately wounded.
You block Koronagh's attack.
You hit Koronagh.
Koronagh looks as sick as possible!
Koronagh is moderately wounded.
Koronagh hits you with a +1 antimagic war axe.
You hit Koronagh but do no damage.
Koronagh is heavily wounded.
You hit Koronagh but do no damage.
Koronagh looks as sick as possible!
Koronagh is heavily wounded.
Koronagh hits you with a +1 antimagic war axe!
* * * LOW HITPOINT WARNING * * *
You feel your power leaking away.
You whack Koronagh!
Koronagh is heavily wounded.
You block Koronagh's attack.
You hit Koronagh but do no damage.
Koronagh looks as sick as possible!
Koronagh is heavily wounded.
The troll bites you!
* * * LOW HITPOINT WARNING * * *
You block the troll's attack. The troll claws you but does no damage.
You hit Koronagh.
Koronagh looks as sick as possible!
Koronagh is heavily wounded.
Koronagh hits you but does no damage.
You barely miss Koronagh.
Koronagh is heavily wounded.
You block the troll's attack. x2; The troll barely misses you.
Koronagh closely misses you.
You hit Koronagh.
Koronagh looks as sick as possible!
Koronagh is severely wounded.
The troll closely misses you. You block the troll's attack.
The troll claws you.
* * * LOW HITPOINT WARNING * * *
Koronagh hits you but does no damage.
You hit Koronagh but do no damage.
Koronagh looks as sick as possible!
Koronagh is severely wounded.
You block the troll's attack. x2; The troll claws you.
* * * LOW HITPOINT WARNING * * *
Koronagh hits you with a +1 antimagic war axe!!
You die...
Beogh appreciates Koronagh's killing of a heretic priest.

### ##..##
#$.^.#
###....
#.....
##....
...#..T.#
#.....o@#
#.......#
##.......
.....$...#
..........
....###....
...# #...#
..# #.$..


You could see Koronagh the orc warlord (extremely poisoned) and a troll.

Vanquished Creatures
  2 boulder beetles (D:12)
  A hydra (D:11)
  4 two-headed ogres
  An orc high priest (Orc:2)
  Amaemon (D:9)
  Pikel (D:9)
  An ugly thing (D:12)
  Joseph (D:8)
  An orange demon (D:9)
  An unseen horror (D:10)
  2 komodo dragons
  An efreet (D:10)
  2 trolls
  A hornet (D:7)
  A dream sheep (D:11)
  A slime creature (D:12)
  A shadow (D:11)
  4 yaks
  2 wyverns
  Eustachio (D:4)
  A wraith (D:7)
  Grum (D:11)
  Edmund (D:5)
  An acid dragon (D:11)
  2 water moccasins
  5 orc warriors
  5 black bears
  A sky beast (D:7)
  3 ogres
  2 phantoms
  7 centaurs
  4 kobold brigands
  5 scorpions
  2 bullfrogs
  22 wights
  9 killer bees
  4 electric eels (D:12)
  A howler monkey (D:6)
  A jelly (D:7)
  5 hounds (D:5)
  5 orc priests
  4 sleepcaps
  3 gnoll boudas
  4 iguanas
  14 orc wizards
  14 gnolls
  6 adders
  3 shadow imps
  A white imp (D:5)
  An ufetubus (D:4)
  A worm (D:2)
  2 dart slugs
  38 orcs
  12 ball pythons
  6 bats
  11 endoplasms
  3 giant cockroaches
  6 hobgoblins
  A jackal (D:5)
  5 quokkas
  3 frilled lizards
  11 goblins
  18 kobolds
  3 rats
287 creatures vanquished.

Vanquished Creatures (collateral kills)
  An orc warlord (Orc:2)
  2 orc knights (Orc:2)
  2 orc high priests (Orc:2)
  A deep elf pyromancer (D:12)
  An orc sorcerer (Orc:2)
  A cyclops (D:11)
  A gargoyle (D:12)
  5 trolls
  A dream sheep (D:11)
  2 slime creatures (D:12)
  4 yaks (D:11)
  A water elemental (D:12)
  A wraith (D:12)
  An acid dragon (D:12)
  A warg (Orc:2)
  6 orc warriors
  3 ogres (Orc:2)
  2 centaurs (D:11)
  2 wolves (D:11)
  A kobold brigand (D:11)
  2 electric eels (D:12)
  2 orc priests
  6 orc wizards
  5 orcs
54 creatures vanquished.

Vanquished Creatures (others)
  4 orc warriors
  An orc priest (Orc:2)
  2 orc wizards (D:12)
  17 orcs
24 creatures vanquished.

Grand Total: 365 creatures vanquished

Notes
Turn   | Place    | Note
-------+----------+-------------------------------------------
     0 | D:1      | Creatimnix the Hill Orc Fighter began the quest for the
                  | Orb.
     0 | D:1      | Reached XP level 1. HP: 19/19 MP: 1/1
   141 | D:1      | Reached XP level 2. HP: 24/27 MP: 2/2
   330 | D:1      | Found Uraor's Antique Armour Shoppe.
   407 | D:1      | Found Nohurre's Armour Shoppe.
  1009 | D:2      | Reached skill level 3 in Axes
  1009 | D:2      | Reached XP level 3. HP: 19/34 MP: 3/3
  1131 | D:2      | Reached XP level 4. HP: 37/41 MP: 4/4
  1810 | D:2      | Reached skill level 4 in Axes
  2512 | D:3      | Noticed an ogre
  2520 | D:3      | Killed an ogre
  2521 | D:3      | Reached skill level 5 in Fighting
  2521 | D:3      | Reached XP level 5. HP: 41/48 MP: 5/5
  2914 | D:4      | Found Kaepa's Jewellery Shoppe.
  2923 | D:4      | Reached skill level 5 in Axes
  2959 | D:4      | Noticed Eustachio
  2993 | D:4      | HP: 2/48 [Eustachio/+0 rapier (3)]
  2994 | D:4      | Killed Eustachio
  2995 | D:4      | Reached skill level 6 in Axes
  2995 | D:4      | Reached XP level 6. HP: 2/56 MP: 6/6
  3710 | D:4      | Reached skill level 1 in Dodging
  3710 | D:4      | Reached XP level 7. HP: 48/61 MP: 7/7
  3781 | D:4      | Reached skill level 5 in Armour
  3786 | D:4      | Reached skill level 7 in Axes
  3797 | D:4      | HP: 2/62 [gnoll/+0 spear[a gnoll bouda] (4)]
  5249 | D:5      | Entered Level 5 of the Dungeon
  5263 | D:5      | Found a staircase to the Ecumenical Temple.
  5275 | D:5      | Reached XP level 8. HP: 64/70 MP: 8/8
  5522 | D:5      | Reached skill level 8 in Axes
  5784 | D:5      | You fall into a shaft and drop 1 floor!
  6382 | D:5      | Noticed Edmund
  6398 | D:5      | Killed Edmund
  6399 | D:5      | Reached skill level 9 in Axes
  6871 | D:6      | Reached skill level 5 in Shields
  6896 | D:6      | Reached XP level 9. HP: 68/72 MP: 9/9
  6971 | D:6      | Found Cagh's Book Shop.
  7007 | D:6      | Reached skill level 10 in Axes
  7080 | D:6      | Found an ornate altar of the Wu Jian Council.
  7403 | D:6      | Became a worshipper of Beogh the Brigand
  7834 | D:6      | Gained mutation: You are frail. (-10% HP) [potion of
                  | mutation]
  8152 | D:7      | Reached skill level 11 in Axes
  8647 | D:7      | Reached * piety under Beogh
  8746 | D:7      | Noticed a hornet
  8755 | D:7      | Paralysed by a hornet for 3 turns
  8771 | D:7      | Killed a hornet
  8772 | D:7      | Reached skill level 12 in Axes
  8863 | D:7      | Reached XP level 10. HP: 79/79 MP: 10/10
  9806 | D:8      | Reached ** piety under Beogh
 10072 | D:8      | Found an opulent altar of Gozag.
 10611 | D:8      | Noticed Joseph
 10630 | D:8      | Killed Joseph
 10631 | D:8      | Reached skill level 13 in Axes
 10903 | D:9      | Found a staircase to the Lair.
 11105 | D:9      | Found a radiant altar of Vehumet.
 11117 | D:9      | Noticed Amaemon
 11117 | D:9      | Noticed an orange demon
 11133 | D:9      | Noticed a two-headed ogre
 11149 | D:9      | HP: 1/81 [two-headed ogre/+0 giant club (13)]
 11152 | D:9      | Killed a two-headed ogre
 11412 | D:9      | Reached XP level 11. HP: 87/87 MP: 11/11
 11476 | D:9      | Killed Amaemon
 11492 | D:9      | Reached skill level 14 in Axes
 11730 | D:9      | Found a burning altar of Makhleb.
 11730 | D:9      | Noticed a blizzard demon
 11781 | D:9      | Noticed Pikel
 11792 | D:9      | Killed Pikel
 11856 | D:9      | Found a bloodstained altar of Trog.
 11953 | D:9      | Reached *** piety under Beogh
 12332 | D:10     | Entered Level 10 of the Dungeon
 12372 | D:10     | Reached skill level 1 in Maces & Flails
 12430 | D:10     | Reached skill level 10 in Fighting
 12961 | D:10     | Found an iron altar of Okawaru.
 13350 | D:10     | Found a sacrificial altar of Ru.
 13622 | D:11     | Found a transporter.
 13806 | D:11     | Noticed a two-headed ogre
 13808 | D:11     | Noticed a two-headed ogre
 13812 | D:11     | Killed a two-headed ogre
 13816 | D:11     | Killed a two-headed ogre
 13844 | D:11     | Reached skill level 10 in Armour
 14135 | D:11     | Noticed Grum
 14150 | D:11     | Killed Grum
 14151 | D:11     | Reached skill level 5 in Maces & Flails
 14263 | D:11     | Found a runed translucent gate.
 14267 | D:11     | Noticed a two-headed ogre
 14282 | D:11     | Found a transporter.
 14288 | D:11     | Noticed a two-headed ogre
 14292 | D:11     | Noticed a cyclops
 14296 | D:11     | Killed a two-headed ogre
 14296 | D:11     | Reached **** piety under Beogh
 14303 | D:11     | Killed a cyclops
 14304 | D:11     | Reached XP level 12. HP: 38/96 MP: 12/12
 14515 | D:11     | Noticed a three-headed hydra
 14521 | D:11     | Killed a three-headed hydra
 14522 | D:11     | Reached skill level 1 in Stealth
 14591 | D:11     | Found a runed translucent gate.
 14591 | D:11     | Found a runed translucent gate.
 14831 | D:12     | Noticed a boulder beetle
 14849 | D:12     | Killed a boulder beetle
 15252 | D:12     | Found Nastek's Book Boutique.
 15280 | D:12     | Identified the +3 rapier of Equilibrium {flame, Str+9}
 15473 | D:12     | Noticed a boulder beetle
 15479 | D:12     | Reached skill level 1 in Throwing
 15490 | D:12     | Killed a boulder beetle
 16387 | D:12     | Found a staircase to the Orcish Mines.
 16645 | Orc:1    | Entered Level 1 of the Orcish Mines
 16688 | Orc:1    | Identified a scroll of acquirement
 16691 | Orc:1    | Acquired 739 gold pieces
 16895 | Orc:2    | Entered Level 2 of the Orcish Mines
 16904 | Orc:2    | Found a staircase to the Elven Halls.
 16906 | Orc:2    | Noticed an orc high priest
 16906 | Orc:2    | Noticed an orc warlord
 16907 | Orc:2    | Noticed an orc high priest
 16908 | Orc:2    | Noticed an orc high priest
 16910 | Orc:2    | Found Foma's General Store.
 16913 | Orc:2    | Killed an orc high priest
 16918 | Orc:2    | Killed an orc high priest
 16923 | Orc:2    | Killed an orc high priest
 16923 | Orc:2    | Gained Ugbert as an ally
 16927 | Orc:2    | Killed an orc warlord
 17028 | Orc:2    | Was placed under penance by Beogh
 17035 | Orc:2    | Killed Ugbert the orc knight
 17040 | Orc:2    | Reached skill level 1 in Invocations
 17043 | Orc:2    | Found Dosepedu's Book Shop.
 17043 | Orc:2    | Noticed an orc high priest
 17047 | Orc:2    | Noticed Koronagh
 17075 | Orc:1    | Slain by Koronagh the orc warlord

Illustrated notes

Levels and vault maps discovered:
D:1:      nicolae_arrival_memento_mori, layout_basic, serial_shops,
          nicolae_shop_window_shopping, nicolae_shop_real_fake_doors,
          chequers_serial_rivers_marsh, chequers_serial_rivers_small_3,
          minmay_cupped
D:2:      layout_basic, kennysheep_flooded_box
D:3:      layout_rooms, serial_curves, eino_curves_03, eino_curves_02
D:4:      layout_layer_cave, serial_shops, shop, uniq_eustachio
D:5:      minmay_opposing_rooms, layout_loops_cross, minmay_temple_entry_grid,
          grunt_ministairs_10, saegor_snake_ambush, uniq_edmund
D:6:      layout_loops_corners, nzn_wu_jian_council_hall, serial_shops, shop
D:7:      layout_loops_ring, bh_walls_and_bars, uniq_crazy_yiuf_cottage
D:8:      layout_basic, mainiacjoe_overflow_cross_hatched, uniq_joseph
D:9:      layout_gridville, makhleb_altar_promises_db,
          mainiacjoe_overflow_swirl, david_lair_generic, enter_bailey_4,
          uniq_amaemon, uniq_pikel
D:10:     layout_cave_pods, kennysheep_okawaru_gauntlet,
          nicolae_ru_path_of_blood
D:11:     gammafunk_worm_tunnel, layout_basic,
          ploomutoo_gammafunk_ghost_potion_laboratory, hangedman_ranch,
          uniq_grum
D:12:     layout_layer_cave, erik_orc_2, serial_shops,
          nicolae_shop_gaudy_bauble, nicolae_lakefront_shop,
          nicolae_shop_competitors_out_of_business, kennysheep_generic_room_13
Orc:1:    layout_diamond_mine, serial_shops, shop
Orc:2:    grunt_orc_gardens, layout_caves, grunt_orc_garden, grunt_orc_garden,
          grunt_orc_garden, grunt_orc_garden, serial_shops, shop, basic_altar,
          kennysheep_orc_sif_temple

Skill      XL: |  1  2  3  4  5  6  7  8  9 10 11 12 |
---------------+-------------------------------------+-----
Fighting       | 4 5 6 7 9 10 | 10.8
Axes           | 3 4 6 7 9 12 13 14 | 14.2
Armour         | 4 5 6 7 8 10 | 10.9
Dodging        | 1 2 3 4 |  4.0
Shields        | 4 5 6 8 9 |  9.7
Maces & Flails | 5 7 |  7.9
Stealth        | 1 |  1.8
Throwing       | 2 |  2.2
Invocations    | 1 |  1.4

Action                     |  1- 3 |  4- 6 |  7- 9 | 10-12 || total
---------------------------+-------+-------+-------+-------++-------
  Melee: War axe           |    54 |   136 |   377 |   273 ||   840
         Demon whip        |       |       |       |   329 ||   329
  Throw: Javelin           |       |       |       |    15 ||    15
         Dart              |       |       |       |    18 ||    18
 Invoke: Convert to Beogh  |       |       |     1 |       ||     1
         Smiting           |       |       |       |     2 ||     2
    Use: Scroll            |     2 |     6 |     4 |    18 ||    30
         Potion            |     2 |     1 |     9 |    10 ||    22
   Stab: Distracted        |       |       |       |     2 ||     2
 Armour: Scale mail        |    27 |    43 |       |       ||    70
         Chain mail        |       |    70 |   214 |   287 ||   571
  Dodge: Dodged            |    23 |    62 |   132 |   257 ||   474
  Block: Buckler           |    15 |    41 |   112 |   109 ||   277
         Tower shield      |       |       |       |   266 ||   266
